← All builds
Air / Cortex / Economy first / OBSERVED BUILD

Standard air

Cortex Air build order · Supreme Isthmus

Economy-first air build: Aircraft Plant then Advanced Metal Extractor and Fusion Reactor, making transports and scouts for allies while transitioning into fighters and occasional bombers over the whole game.

Usually transports first (78%)

#eco #air #team support · 1506 distinct matches · 252 players · 81% of Cortex Air games · team won 46% of 1811 · Recently observed

HOW TO PLAY IT

Key timing: Aircraft Plant by 1:24

  1. Open 3 mex and wind, then drop Aircraft Plant early.
  2. Finish Aircraft Plant and start fighters for scouting and defense.
  3. Eat the Aircraft Plant once production needs outgrow it.
  4. Get Advanced Metal Extractor up to scale eco.
  5. Bring Fusion Reactor online and keep feeding transports, scouts, fighters to allies.

Phase by phase

TYPICAL OF ITS 1506 GAMES
  1. 1
  2. 2
  3. 3
PLAY THE OPENING

Follow the example game's first 6:00 step by step: what to build now, what comes next, and where it goes. At 1× it keeps pace with your own game.

  1. 1

    Up to the Aircraft Plant

    Economy
    • Metal Extractor3Mex
    • Wind Turbine4Wind
    Order
    1. Aircraft PlantAircraft Plant after 3 mex, 4 winddone ~1:26, middle half 1:14–1:35

    Some games also: energy storage (38%)

    By 1:07 in all: 3 mex · 4 wind

    The example game in this phase · 4 steps
    1. Mex ×3
    2. Wind ×4
    3. Energy storage
    4. Aircraft PlantAircraft Plantdone 1:29 · typical 1:26
  2. 2

    Aircraft Plant to 5:00

    Economy
    • Metal Extractor1Mex
    • Wind Turbine9Wind
    • Wind Turbine3Wind
    Builders
    • Construction Turret2 Con turret
    • Construction Aircraft1 Con aircraft
    Army
    • Valiant5 Valiant
    • Hercules2 Light transport for allies
    • Finch2 Finch for allies
    • Finch1 Finch
    • Hephaestus1 Heavy transport for allies

    Some games also: shuriken (49%) · energy storage (45%) · converter (44%) · light transport (40%)

    By 5:00 in all: 3 mex · 1 mex · 13 wind · 3 wind · 1 energy storage · 2 con turret

    The example game in this phase · 29 steps
    1. HephaestusHeavy transportfor Beach sea
    2. FinchFinchfor Beach sea
    3. HerculesLight transportfor Geo sea
    4. ShurikenShurikenfor Geo sea
    5. HerculesLight transportfor Tech
    6. FinchFinch
    7. ValiantValiant ×2
    8. Mex
    9. Wind
    10. ValiantValiant
    11. Wind ×3
    12. Construction AircraftCon aircraft
    13. Wind ×3
    14. Con turret
    15. HerculesLight transportfor Tech
    16. ValiantValiant ×3
    17. Con turret
    18. Wind
    19. Wind
    20. Wind
    21. Wind
    22. Converter
    23. Wind
    24. HerculesLight transport
    25. Converter
    26. Wind
    27. ShurikenShuriken
    28. Converter
    29. ShurikenShuriken
  3. 3

    5:00 to 10:00

    Economy
    • Wind Turbine21Wind
    • Wind Turbine5Wind
    • Energy Converter6Converter
    Order
    1. Aircraft PlantEat Aircraft Plant
    2. Aircraft PlantAircraft Plant after 19 wind, 18 wind, 7 converterin 58% of games
    Builders
    • Construction Turret3 Con turret
    Army
    • Valiant9 Valiant

    Some games also: shuriken (47%) · fusion (38%) · con aircraft (35%) · light transport (31%)

    By 10:00 in all: 3 mex · 1 mex · 25 wind · 20 wind · 8 converter · 1 energy storage

    The example game in this phase · 164 steps
    1. HephaestusHeavy transportfor Pond
    2. Converter
    3. Wind
    4. Wind
    5. Converter
    6. Wind
    7. Converter
    8. Wind
    9. Wind
    10. ShurikenShuriken
    11. Converter
    12. Wind
    13. Wind
    14. Converter
    15. Wind
    16. Wind
    17. Wind
    18. Wind
    19. Wind
    20. Wind
    21. Aircraft PlantEat Aircraft Plantreclaimed for its metal
    22. Wind
    23. Wind
    24. Wind
    25. Wind
    26. Wind
    27. Advanced Metal ExtractorT2 mexdone 6:40 · typical 6:54
    28. Wind
    29. Wind
    30. Wind
    31. Advanced Metal ExtractorT2 mex
    32. Wind ×2
    33. Wind
    34. Advanced Metal ExtractorT2 mex
    35. Wind
    36. Wind
    37. Wind
    38. Advanced Metal ExtractorT2 mex
    39. Wind
    40. Wind
    41. Wind
    42. Wind
    43. Aircraft PlantAircraft Plantdone 8:15
    44. Wind
    45. ValiantValiant
    46. Wind
    47. ValiantValiant
    48. Wind
    49. ValiantValiant
    50. Wind
    51. Wind
    52. ValiantValiant ×2
    53. Construction AircraftCon aircraft
    54. Wind
    55. Wind
    56. Wind
    57. Con turret
    58. Wind
    59. Converter
    60. Con turret
    61. Fusion ReactorFusiondone 10:14 · typical 10:53
    62. Con turret
    63. Converter
    64. Con turret
    65. Converter
    66. Converter
    67. Converter
    68. Aircraft PlantEat Aircraft Plantreclaimed for its metal
    69. Converter
    70. Converter
    71. Converter
    72. Aircraft PlantAircraft Plantdone 10:23
    73. Converter
    74. Converter
    75. Converter
    76. FinchFinch ×3
    77. Con turret
    78. Converter
    79. Fusion ReactorFusion
    80. Converter
    81. Aircraft PlantEat Aircraft Plantreclaimed for its metal
    82. Converter
    83. Converter
    84. Converter
    85. Converter
    86. Converter
    87. Converter
    88. Converter
    89. Aircraft PlantAircraft Plantdone 11:31
    90. Converter
    91. Converter
    92. Converter
    93. Converter
    94. ValiantValiant ×3
    95. Converter
    96. ValiantValiant
    97. Converter
    98. Con turret
    99. Converter
    100. Con turret
    101. ValiantValiant ×2
    102. Con turret
    103. Converter
    104. Con turret
    105. Converter
    106. ValiantValiant
    107. Con turret ×2
    108. Converter
    109. Converter
    110. Con turret
    111. ValiantValiant ×2
    112. Converter
    113. ValiantValiant ×3
    114. Converter
    115. ValiantValiant ×3
    116. Converter
    117. Con turret
    118. ValiantValiant
    119. Converter
    120. Con turret
    121. ValiantValiant
    122. Converter
    123. Con turret
    124. ValiantValiant ×2
    125. Converter
    126. ValiantValiant ×7
    127. Converter
    128. Converter
    129. ValiantValiant ×6
    130. Converter
    131. ValiantValiant
    132. Converter
    133. ValiantValiant ×3
    134. Fusion ReactorFusion
    135. ValiantValiant ×2
    136. Converter
    137. Converter
    138. Aircraft PlantEat Aircraft Plantreclaimed for its metal
    139. Converter
    140. Converter
    141. Converter
    142. Converter
    143. Converter
    144. Converter
    145. Converter
    146. Converter
    147. Converter
    148. Aircraft PlantAircraft Plantdone 14:15
    149. Con turret
    150. Converter
    151. Con turret
    152. Converter
    153. Con turret ×2
    154. Converter
    155. Converter
    156. ValiantValiant
    157. Converter
    158. Fusion ReactorFusion
    159. Converter
    160. Converter
    161. Converter
    162. ValiantValiant
    163. Converter
    164. ValiantValiant

Counts are medians over the build's games: half of them build more, half fewer. The example game is Adeus's (35 OS, 13/10/2026); pick another.

Team trades

IN AT LEAST 30% OF ITS GAMES

You hand over

  • Finch2 Finch to Geo sea or Beach seafirst at 1:50 · in 96% of games
  • Hercules3 Light transport to Tech or Geo sea or Beach seafirst at 2:06 · in 99% of games
  • Hephaestus1 Heavy transport to Beach sea or Pond or Techfirst at 2:23 · in 72% of games

You get

  • Wind Turbine3 Wind from Beach sea or Geo seafirst at 1:37 · in 64% of games
  • Wind Turbine3 Wind from Beach sea or Geo sea or Pondfirst at 1:42 · in 46% of games
  • Construction Bot1 Con bot from Techfirst at 2:23 · in 88% of games
  • Advanced Construction Bot1 T2 con bot from Techfirst at 6:05 · in 96% of games

How it plays out

Typical game of this build, running totals by minute

Metal produced

010k20k30k
0:005:0010:0015:00

metal

Enemy metal destroyed

01k2k
0:005:0010:0015:00

metal

Own metal lost

01k2k3k
0:005:0010:0015:00

metal

1811 games.

Show as table
ByMetal produced: This buildEnemy metal destroyed: This buildOwn metal lost: This build
1:0039200
2:0092300
3:00145600
4:002052051
5:0027635173
6:003707102124
7:005089146167
8:006902190219
9:009284230270
10:0011758292380
11:0014356369536
12:0017069512781
13:00198597811102
14:002270412641689
15:002573618132420
WHAT THE NUMBERS SAY

Standard air play wins less than half its games, with very low combat losses and kills since the role mostly supports rather than fights.

  • + Own metal lost stays very low, only 2701 by 15:00.
  • + Metal production reaches 25740 by 15:00, a strong support economy.
  • − Team wins under half of games (47%).
  • − Enemy metal destroyed stays low at 2097 by 15:00, showing little direct impact.
THE EXAMPLE YOU ARE READING

Adeus

35.3 OS · 13/10/2026

Open source match ↗

9 received units · includes a constructor
231 metal received · 36345 energy received

Allied construction assistance is unknown. Timings are observations, not a promise of solo reproducibility.

Typical milestones

Aircraft Plant1:26Middle 50%: 1:14–1:35 · n=1811
Advanced Metal Extractor6:54Middle 50%: 6:27–7:26 · n=1751
Fusion Reactor10:53Middle 50%: 9:45–12:17 · n=1159

Played most by

TheGeneraI114games of this buildDad_The_Speedrunner72games of this buildHunfore62games of this buildDRM52games of this buildMilkdragon52games of this build